 Dungeon Crawl Stone Soup version 0.30-a0-377-g5cb311bc9f (webtiles) character file.

Game seed: 11843466180045535731

774 qeuew the Covered (level 7, 0/53 (55) HPs)
             Began as a Demonspawn Chaos Knight on Nov 29, 2022.
             Was a Plaything of Xom.
             Slain by Grinder (3 damage)
             ... while paralysed by Grinder
             ... on level 4 of the Dungeon.
             The game lasted 00:04:56 (2839 turns).

qeuew the Covered (Demonspawn Chaos Knight)         Turns: 2839, Time: 00:04:56

HP:   0/53 (55)     AC:  7    Str: 18    XL:     7   Next: 53%
MP:   1/7           EV:  2    Int: 14    God:    Xom [......]
Gold: 151           SH:  0    Dex: 16    Spells: 6/6 levels left

rFire   + . .      SeeInvis .    m - +7 battleaxe of the Pits of Slime {vorpal, Will+ Str+4 Dex+4}
rCold   x . .      Faith    .    (shield currently unavailable)
rNeg    . . .      Spirit   .    b - +2 leather armour
rPois   .          Reflect  .    (helmet restricted)
rElec   .          Harm     .    (no cloak)
rCorr   .          Rampage  .    (no gloves)
Will    +....                    (no boots)
Stlth   +.........               (no amulet)
HPRegen 0.28/turn                f - ring of protection from fire
MPRegen 0.10/turn                (no ring)

@: paralysed, lightly drained
A: antennae 1, slimy green scales 1, cold vulnerability 1, MP-powered wands
a: Renounce Religion


You were on level 4 of the Dungeon.
You worshipped Xom.
You were a very special plaything of Xom.
You visited 1 branch of the dungeon, and saw 4 of its levels.

You collected 151 gold pieces.

Inventory:

Hand Weapons
 m - the +7 battleaxe of the Pits of Slime (weapon) {vorpal, Will+ Str+4 Dex+4}
   (You found it on level 3 of the Dungeon)

   It inflicts extra damage upon your enemies.
   Str:       It affects your strength (+4).
   Dex:       It affects your dexterity (+4).
   Will:      It increases your willpower.
Armour
 b - a +2 leather armour (worn)
Jewellery
 f - a ring of protection from fire (left hand)
Wands
 q - a wand of paralysis (3)
Scrolls
 a - a scroll of blinking
 e - a scroll of summoning
 h - 2 scrolls of fear
 k - a scroll of magic mapping {unknown}
 l - 3 scrolls of teleportation
Potions
 g - a potion of cancellation
 i - a potion of brilliance
 j - a potion of flight
Miscellaneous
 c - a piece from Xom's chessboard (15/15) (quivered)


   Skills:
 + Level 4.5 Fighting
 + Level 4.1 Axes
 * Level 4.7 Armour
 + Level 3.0 Dodging
 + Level 3.2 Evocations


You had 6 spell levels left.
You didn't know any spells.
Your spell library contained the following spells:

 Spells                   Type           Power      Damage    Failure   Level
 Magic Dart               Conj           0%         1d3       34%         1
 Call Imp                 Summ           0%         N/A       45%         2
 Mephitic Cloud           Conj/Pois/Air  0%         N/A       71%         3


Dungeon Overview and Level Annotations

Branches:
Dungeon (4/15)
 Temple: D:4-7

Altars:
Nemelex Xobeh

Annotations:
D:4 3 runed translucent doors, Carnifexus's ghost, amateur DsFi; Grinder


Innate Abilities, Weirdness & Mutations

You have a pair of small antennae on your head.
You are partially covered in slimy green scales. (AC +2)
You are vulnerable to cold. (rC-)
You expend magic power (3 MP) to strengthen your wands.


Message History

Grinder resists with significant effort.
Grinder hits you.
You writhe in agony.
The orc barely misses you.
The orc hits you with a +2 club of chaos.
* * * LOW HITPOINT WARNING * * *
You feel better. Grinder gestures at you. Pain shoots through your body!
The orc hits you but does no damage. The orc misses you.
Aiming: Paralyse
Press: ? - help, Shift-Dir - straight line, f/p - Grinder
Aim: Grinder (lightly wounded, chance to affect: 57%) Grinder resists with significant effort.
Grinder closely misses you. The orc misses you. The orc closely misses you.
You closely miss Grinder.
Grinder is lightly wounded.
You hit the orc. x2; Grinder hits you but does no damage.
The orc hits you with a +2 club of chaos.
* * * LOW HITPOINT WARNING * * *
The orc freezes you.
* * * LOW HITPOINT WARNING * * *
The orc misses you. The orc barely misses you.
The orc hits you but does no damage. Grinder hits you but does no damage.
You closely miss Grinder.
Grinder is lightly wounded.
You hit the orc.
You kill the orc!
You barely miss the orc. Grinder barely misses you.
The orc hits you with a +0 trident.
* * * LOW HITPOINT WARNING * * *
You hit Grinder.
Grinder is moderately wounded.
You barely miss the orc. Grinder gestures at you.
You suddenly lose the ability to move!
The orc hits you with a +0 trident.
* * * LOW HITPOINT WARNING * * *
The orc hits you with a +0 trident.
* * * LOW HITPOINT WARNING * * *
Grinder hits you.
You die...
Xom is highly amused!

#.#####:.
######........
#.............
#............>
#............(.
#...........#.#
#.....o.....#.#
#.....@5....'.##
#......)....#..##
#...........##..#######
#...........##.........
########'####.......###
########.# #..........
#........# #......####
#.#####..# #......#
#.#####..####......#


You could see Grinder and an orc.

Vanquished Creatures
  A hornet (D:4)
  3 ogres (D:4)
  A necrophage (D:4)
  A jelly (D:2)
  2 iguanas (D:4)
  An orc wizard (D:3)
  5 adders
  2 ufetubi (D:4)
  3 dart slugs
  12 orcs
  5 ball pythons
  7 bats
  5 endoplasms
  3 giant cockroaches
  12 goblins
  6 hobgoblins
  3 quokkas
  2 frilled lizards
  5 kobolds
  6 rats
85 creatures vanquished.

Notes
Turn   | Place    | Note
-------+----------+-------------------------------------------
     0 | D:1      | qeuew the Demonspawn Chaos Knight began the quest for the
                  | Orb.
     0 | D:1      | Reached XP level 1. HP: 18/18 MP: 1/1
    77 | D:1      | Reached skill level 1 in Dodging
   148 | D:1      | Gained mutation: You are partially covered in slimy green
                  | scales. (AC +2) [demonic ancestry]
   148 | D:1      | Reached XP level 2. HP: 24/24 MP: 2/2
   440 | D:1      | XOM: divination: detect items
   528 | D:1      | Reached XP level 3. HP: 23/29 MP: 3/3
   928 | D:2      | Reached skill level 1 in Evocations
  1146 | D:2      | Reached XP level 4. HP: 23/35 MP: 4/4
  1191 | D:2      | XOM: divination: detect items
  1261 | D:2      | XOM: silly message
  1344 | D:2      | XOM: silly message
  1352 | D:2      | XOM: divination: magic mapping
  1710 | D:3      | XOM: silly message
  1769 | D:3      | Identified the +7 battleaxe of the Pits of Slime {vorpal,
                  | Will+ Str+4 Dex+4}
  1775 | D:3      | Found a sparkling altar of Nemelex Xobeh.
  1862 | D:3      | Reached XP level 5. HP: 41/41 MP: 5/5
  1944 | D:3      | XOM: silly message
  1956 | D:3      | XOM: cloud trail
  2181 | D:3      | Gained mutation: You expend magic power (3 MP) to
                  | strengthen your wands. [potion of mutation]
  2181 | D:3      | Gained mutation: You are vulnerable to cold. (rC-) [potion
                  | of mutation]
  2250 | D:4      | XOM: 2-stop teleportation journey
  2268 | D:4      | Found a runed translucent gate.
  2271 | D:4      | Found a runed translucent gate.
  2272 | D:4      | Found a runed translucent gate.
  2293 | D:4      | Noticed Carnifexus's ghost (amateur DsFi)
  2326 | D:4      | Reached XP level 6. HP: 23/48 MP: 6/6
  2555 | D:4      | Gained mutation: You have a pair of small antennae on your
                  | head. [demonic ancestry]
  2555 | D:4      | Reached XP level 7. HP: 21/54 MP: 7/7
  2568 | D:4      | Noticed a hornet
  2580 | D:4      | Killed a hornet
  2696 | D:4      | XOM: 3-stop teleportation journey
  2820 | D:4      | Noticed Grinder
  2823 | D:4      | XOM: silly message
  2825 | D:4      | XOM: chaos upgrade
  2826 | D:4      | XOM: chaos upgrade
  2832 | D:4      | HP: 2/53 [orc/+2 club of chaos (1)]
  2839 | D:4      | Paralysed by Grinder for 2 turns
  2839 | D:4      | Slain by Grinder

Illustrated notes

Levels and vault maps discovered:
D:1:      dpeg_arrival_leaves_temple_mockup, layout_loops_ring, serial_aquarium,
          aquarium_bridge_straight [aquarium_subvault_bridge,
          aquarium_subvault_wall, aquarium_subvault_bridge,
          aquarium_subvault_window], aquarium_bridge_square
          [aquarium_subvault_window, aquarium_subvault_wall,
          aquarium_subvault_bridge, aquarium_subvault_wall],
          aquarium_window_corner, aquarium_window_corridor_2,
          aquarium_window_fake, aquarium_view_2b, aquarium_balcony_1b,
          amcnicky_mini_corridor_feature
D:2:      layout_basic, minmay_liquid_box
D:3:      layout_basic, lemuel_doored_altar
D:4:      layout_basic, grunt_temple_overflow_lords_of_destruction,
          mainiacjoe_overflow_six_doors_small, gammafunk_ghost_necromancy,
          uniq_grinder

Skill      XL: |  1  2  3  4  5  6  7 |
---------------+----------------------+-----
Dodging        | 1 2 3 |  3.0
Armour         | 2 3 4 |  4.7
Evocations     | 1 2 3 |  3.2
Axes           | 3 4 |  4.1
Fighting       | 4 |  4.5

Action                   |  1- 3 |  4- 6 |  7- 9 || total
-------------------------+-------+-------+-------++-------
Melee: Hand axe          |    87 |    15 |       ||   102
       Battleaxe         |       |    73 |    11 ||    84
Evoke: Wand              |       |       |     6 ||     6
       Piece from Xom's  |       |       |     1 ||     1
  Use: Scroll            |     3 |     7 |       ||    10
       Potion            |     3 |     2 |     2 ||     7
 Stab: Sleeping          |       |     2 |     1 ||     3
       Paralysed         |       |     1 |     2 ||     3
Armor: Leather armour    |    58 |    40 |     8 ||   106
Dodge: Dodged            |    41 |    61 |    22 ||   124

Table legend: (Time is in decaauts)
 A = Elapsed time spent in this place.
 B = Non-inter-level travel time spent in this place.
 C = Inter-level travel time spent in this place.
 D = Time resting spent in this place.
 E = Time spent auto-exploring this place.
 F = Levels seen in this place.
 G = Mean time per level.
                   A        B        C        D        E       F      G
               +--------+--------+--------+--------+--------+-----+--------+
         Total |   2898 |   2855 |     43 |      4 |   2310 |   4 |  724.5 |
       Dungeon |   2898 |   2855 |     43 |      4 |   2310 |   4 |  724.5 |
               +--------+--------+--------+--------+--------+-----+--------+

Top non-repeatable levels by time:
     D:1: 915 daAuts
     D:2: 797 daAuts
     D:4: 676 daAuts
     D:3: 508 daAuts
